 Dungeon Crawl Stone Soup version 0.22-a0-305-gd21a89c (webtiles) character file.

10725 tidbits the Thaumaturge (level 11, -1/83 HPs)
             Began as a Gnoll Ice Elementalist on Mar 29, 2018.
             Was an Elder of Cheibriados.
             Shot with a bolt by a yaktaur captain (7 damage)
             ... on level 12 of the Dungeon.
             The game lasted 00:37:38 (2988 turns).

tidbits the Thaumaturge (Gnoll Ice Elementalist)    Turns: 2988, Time: 00:37:39

Health: -1/83      AC: 14    Str: 17    XL:     11   Next: 66%
Magic:  20/23      EV: 27    Int: 32    God:    Cheibriados [****..]
Gold:   405        SH:  0    Dex: 33    Spells: 13/26 levels left

rFire    . . .     SeeInvis .   a - +10 dagger "Iwydazupp" {freeze, +Rage +Inv Str-3 Dex+8}
rCold    . . .     Gourm    .   (no shield)
rNeg     . . .     Faith    .   B - +0 robe
rPois    .         Spirit   .   (no helmet)
rElec    .         Reflect  .   C - +0 cloak
rCorr    .         Harm     .   (no gloves)
MR       .....                  F - +0 pair of boots
Stlth    +++++.....             (no amulet)
HPRegen  0.23/turn              V - +5 ring of evasion
MPRegen  0.18/turn              (no ring)

@: icy armour, very slightly contaminated, very slow
A: distributed training, fangs 1, strong nose
a: Bend Time, Temporal Distortion, Slouch, Renounce Religion, Evoke Berserk
Rage, Evoke Invisibility


You were on level 12 of the Dungeon.
You worshipped Cheibriados.
Cheibriados was greatly pleased with you.
You were not hungry.

You visited 1 branch of the dungeon, and saw 13 of its levels.

You collected 405 gold pieces.

Inventory:

Hand Weapons
 a - the +10 dagger "Iwydazupp" (weapon) {freeze, +Rage +Inv Str-3 Dex+8}
   (You found it on level 4 of the Dungeon)

   It has been specially enchanted to freeze those struck by it, causing extra
   injury to most foes and up to half again as much damage against particularly
   susceptible opponents.
   It can also slow down cold-blooded creatures.
   It affects your strength (-3).
   It affects your dexterity (+8).
   It lets you turn invisible.
   It lets you go berserk.
 b - a +2 morningstar of holy wrath
   (You took it off an orc on level 5 of the Dungeon)
 e - a +0 dagger
 s - a +2 whip of electrocution
   (You took it off Pikel on level 6 of the Dungeon)
 w - a +0 dagger of venom
   (You took it off an orc wizard on level 6 of the Dungeon)
 y - a +0 hand axe of flaming
   (You found it on level 6 of the Dungeon)
 z - a +0 shortbow
 N - a +3 battleaxe
 S - a +0 great sword
 T - a +1 shortbow of flaming
   (You took it off a centaur on level 12 of the Dungeon)
Missiles
 g - 56 sling bullets
 h - 11 poisoned needles
 o - 3 steel tomahawks (quivered)
 q - 4 needles of paralysis
 t - 219 arrows
 G - 44 stones
 O - 6 javelins
Armour
 i - a +0 ring mail
 v - a +0 shield
 B - a +0 robe (worn)
 C - a +0 cloak (worn)
 F - a +0 pair of boots (worn)
Jewellery
 n - an uncursed ring of teleportation
   (You found it on level 3 of the Dungeon)
 p - an uncursed ring of ice
   (You found it on level 4 of the Dungeon)
 V - a +5 ring of evasion (left hand)
   (You found it on level 1 of the Dungeon)
Scrolls
 d - 2 scrolls of enchant weapon {unknown}
 f - a scroll of teleportation
 l - 2 scrolls of blinking
 r - 3 scrolls of remove curse
 E - a scroll of fog {unknown}
 I - a scroll of amnesia
 Q - 2 scrolls of random uselessness {unknown}
 R - a scroll of magic mapping
Potions
 k - 2 potions of curing
 D - a potion of haste
 H - 2 potions of invisibility
 J - 2 potions of brilliance
 K - a potion of ambrosia
 M - a potion of mutation {unknown}
 P - a potion of degeneration {unknown}
Miscellaneous
 m - a phial of floods
Comestibles
 c - 9 rations


   Skills:
 + Level 6.4 Fighting
 + Level 6.4 Short Blades
 + Level 6.4 Long Blades
 + Level 6.4 Axes
 + Level 6.4 Maces & Flails
 + Level 6.4 Polearms
 + Level 6.4 Staves
 + Level 6.4 Slings
 + Level 6.4 Bows
 + Level 6.4 Crossbows
 + Level 6.4 Throwing
 + Level 6.4 Armour
 + Level 7.9 Dodging
 + Level 7.7 Stealth
 + Level 6.4 Shields
 + Level 6.4 Unarmed Combat
 + Level 8.2 Spellcasting
 + Level 5.7 Conjurations
 + Level 5.3 Hexes
 + Level 5.3 Charms
 + Level 5.3 Summonings
 + Level 5.3 Necromancy
 + Level 5.3 Translocations
 + Level 5.3 Transmutations
 + Level 5.3 Fire Magic
 + Level 7.7 Ice Magic
 + Level 5.3 Air Magic
 + Level 5.3 Earth Magic
 + Level 5.3 Poison Magic
 + Level 7.0 Invocations
 + Level 6.4 Evocations


You had 13 spell levels left.
You knew the following spells:

 Your Spells              Type           Power        Failure   Level  Hunger
a - Freeze                Ice            ####         1%          1    None
j - Throw Frost           Conj/Ice       ######       1%          2    None
o - Ozocubu's Armour      Chrm/Ice       ######..     1%          3    None
r - Regeneration          Chrm/Necr      #####.....   1%          3    None
x - Summon Ice Beast      Ice/Summ       ######..     2%          4    None


Dungeon Overview and Level Annotations

Branches:
Dungeon (13/15)              Lair (0/6) D:11            Orc (0/2) D:10
 Temple: D:4-7       Vaults: D:13-14

Altars:
Ashenzari
Cheibriados
Elyvilon
Fedhas
Makhleb
Okawaru
Ru
Sif Muna
Uskayaw
Xom
Zin

Shops:
D:5 :   D:10 (   D:11 (

Annotations:
D:7 exclusion: killer bee


Innate Abilities, Weirdness & Mutations

Your experience applies equally to all skills.
You have very sharp teeth.
Your uncanny sense of smell can sniff out nearby items.


Message History

You see here 16 gold pieces.
Unknown command.
You now have 405 gold pieces (gained 16).
An orc wizard comes into view. It is wielding a dagger.
Throwing (i - inventory. (/) - cycle)
j - 2 silver tomahawks (quivered)
Press: ? - help, Shift-Dir - straight line, f - orc wizard
Aim: an orc wizard, wielding a dagger and wearing a robe (hasn't noticed you)
You throw a silver tomahawk.
The silver tomahawk closely misses the orc wizard.
Throwing (i - inventory. (/) - cycle)
j - a silver tomahawk (quivered)
Press: ? - help, Shift-Dir - straight line, f/p - orc wizard
Aim: an orc wizard, wielding a dagger and wearing a robe You throw a silver tomahawk.
The silver tomahawk hits the orc wizard!
The orc wizard is severely wounded.
Casting: Ozocubu's Armour (safe; 1% risk of failure)
Confirm with . or Enter, or press ? or * to list all spells.
Aiming: Throw Frost (safe; 1% risk of failure)
Press: ? - help, Shift-Dir - straight line, f/p - orc wizard
Aim: an orc wizard, wielding a dagger and wearing a robe (severely wounded)
The puff of frost misses the orc wizard.
A fire giant comes into view.
It is wielding a great sword of flaming.
The orc wizard suddenly roars, as Orcs often do.
The orc wizard casts a spell at you. The puff of frost misses you.
Casting: Throw Frost (safe; 1% risk of failure)
Confirm with . or Enter, or press ? or * to list all spells.
You miscast Ozocubu's Armour.
You are very lightly contaminated with residual magic.
Your hands feel numb with cold.
Casting: Ozocubu's Armour (safe; 1% risk of failure)
Confirm with . or Enter, or press ? or * to list all spells.
A film of ice covers your body!
The orc wizard looks encouraged for a moment.
A wyvern zombie comes into view.
Casting: Ozocubu's Armour (safe; 1% risk of failure)
Confirm with . or Enter, or press ? or * to list all spells.
A chill wind blows around you.
The orc wizard points at you and mumbles some strange words.
The puff of frost hits you!
You barely miss the fire giant.
You bite the fire giant, but do no damage.
An orc comes into view. It is wielding a club.
Press: ? - help, v - describe, . - travel
Here: a fire giant, wielding a great sword of flaming and wearing an opal ring The floor.
It was a potion of cancellation.
Your magical effects are unravelling.
You feel magically purged.
Your magical contamination has completely faded away.
Your icy armour evaporates.
The fire giant points at you and mumbles some strange words.
The fireball explodes!
The fireball engulfs you!
Ouch! That really hurt!
* * * LOW HITPOINT WARNING * * *
The fireball engulfs your ice beast.
Your ice beast melts!
Your ice beast dies!
The fireball engulfs the fire giant.
The fire giant resists.
You hear a shout!
Unknown command.
Unknown command.
Casting: Summon Ice Beast (safe; 2% risk of failure)
Confirm with . or Enter, or press ? or * to list all spells.
A film of ice covers your body!
The fire giant hits you with a great sword of flaming!!
* * * LOW HITPOINT WARNING * * *
The fire giant burns you!
* * * LOW HITPOINT WARNING * * *
The heat melts your icy armour.
Unknown command.
Okay, then.
It was a potion of magic.
Magic courses through your body.
The fire giant points at you and mumbles some strange words.
The bolt of fire misses you. The orc wizard hits you with a dagger.
* * * LOW HITPOINT WARNING * * *
The flow of time bends around you.
Cheibriados rebukes the wyvern zombie.
The wyvern zombie seems to slow down.
Cheibriados rebukes the fire giant.
The fire giant seems to slow down.
Cheibriados rebukes the orc wizard.
The orc wizard seems to slow down.
You feel slightly more hungry.
The fire giant hits you with a great sword of flaming!
* * * LOW HITPOINT WARNING * * *
The fire giant burns you.
* * * LOW HITPOINT WARNING * * *
The orc wizard closely misses you. The wyvern zombie closely misses you.
The heat melts your icy armour.
Okay, then.
Unknown command.
Blink to where?
Press: ? - help, Dir - move target cursor, p - orc wizard You are very lightly contaminated with residual magic.
As you read the scroll labeled IFAAWE FIORGH, it crumbles to dust.
It was a scroll of blinking.
A yaktaur captain comes into view.
The yaktaur captain wields an arbalest.
The yaktaur captain shoots a bolt.
The bolt hits you!
You die...

##########
#.....§..##........
#....ZCo.##......c
#........##......
#........##.....
#........o.....
#.........((..#
#.........#...#
#...........@.# ∆
#............#.# ∆
###.##.## # #. #. #
## #. #}#∆ ####
########.<.
∆#.#.......
#.###....)


You could see a fire giant, a yaktaur captain, an orc wizard, an orc and a
wyvern zombie.

Vanquished Creatures
  An orc warlord (D:12)
  A two-headed ogre (D:12)
  Urug (D:10)
  An unseen horror (D:11)
  Pikel (D:6)
  Maurice (D:11)
  A gargoyle (D:13)
  2 kobold demonologists (D:11)
  Grum (D:10)
  A wyvern (D:12)
  6 yaks
  A hungry ghost (D:10)
  A two-headed ogre zombie (D:10)
  An acid dragon (D:12)
  2 hell hounds (D:11)
  A water moccasin (D:13)
  Duvessa (D:5)
  A black bear (D:9)
  An orc warrior (D:10)
  2 ice beasts
  2 sky beasts
  A slave (D:6)
  A necrophage (D:11)
  4 wolves (D:10)
  2 ogres
  3 phantoms
  7 centaurs
  2 bullfrogs
  A gnoll sergeant (D:6)
  Dowan (D:5)
  A scorpion (D:11)
  2 troll zombies (D:10)
  5 killer bees (D:11)
  5 wights (D:11)
  A howler monkey (D:5)
  3 crimson imps
  2 centaur zombies
  A quasit (D:11)
  8 hounds
  3 jellies
  Crazy Yiuf (D:3)
  A bullfrog skeleton (D:5)
  2 centaur skeletons
  3 orc wizards (D:6)
  2 orc priests (D:10)
  2 iguanas
  Ijyb (D:3)
  5 worker ants
  3 ogre zombies (D:10)
  A hound skeleton (D:5)
  A howler monkey zombie (D:6)
  2 worker ant zombies
  5 gnolls (D:6)
  3 adders
  2 shadow imps
  3 adder zombies
  2 adder skeletons
  A dart slug (D:1)
  3 leopard geckos
  15 orcs
  A giant cockroach (D:4)
  3 goblins (D:1)
  3 hobgoblins
  10 jackals
  5 bats (D:3)
  2 frilled lizards
  2 goblin zombies (D:10)
  5 hobgoblin zombies (D:10)
  A jackal zombie (D:6)
  5 kobolds (D:11)
  3 orc skeletons (D:10)
  11 orc zombies (D:10)
  A rat (D:3)
193 creatures vanquished.

Vanquished Creatures (collateral kills)
  A wraith (D:10)
  A troll zombie (D:10)
  2 orc priests (D:12)
  An orc wizard (D:12)
  An orc (D:10)
  An orc zombie (D:10)
7 creatures vanquished.

Vanquished Creatures (others)
  A centaur (D:12)
1 creature vanquished.

Grand Total: 201 creatures vanquished

Notes
Turn   | Place    | Note
-------+----------+-------------------------------------------
     0 | D:1      | tidbits the Gnoll Ice Elementalist began the quest for the Orb.
     0 | D:1      | Reached XP level 1. HP: 13/13 MP: 6/6
    48 | D:1      | Reached skill level 2 in Conjurations
    63 | D:1      | Reached XP level 2. HP: 19/19 MP: 5/7
    67 | D:1      | Learned a level 2 spell: Throw Frost
   310 | D:4      | Noticed a phantom
   366 | D:3      | Noticed Ijyb
   372 | D:3      | Killed Ijyb
   372 | D:3      | Reached skill level 5 in Spellcasting
   372 | D:3      | Reached XP level 3. HP: 12/25 MP: 2/9
   378 | D:3      | Found a burning altar of Makhleb.
   387 | D:3      | Reached skill level 1 in Fighting
   387 | D:3      | Reached skill level 1 in Short Blades
   387 | D:3      | Reached skill level 1 in Long Blades
   387 | D:3      | Reached skill level 1 in Axes
   387 | D:3      | Reached skill level 1 in Maces & Flails
   387 | D:3      | Reached skill level 1 in Polearms
   387 | D:3      | Reached skill level 1 in Staves
   387 | D:3      | Reached skill level 1 in Slings
   387 | D:3      | Reached skill level 1 in Bows
   387 | D:3      | Reached skill level 1 in Crossbows
   387 | D:3      | Reached skill level 1 in Throwing
   387 | D:3      | Reached skill level 1 in Armour
   387 | D:3      | Reached skill level 1 in Shields
   387 | D:3      | Reached skill level 1 in Unarmed Combat
   387 | D:3      | Reached skill level 1 in Invocations
   387 | D:3      | Reached skill level 1 in Evocations
   387 | D:3      | Reached XP level 4. HP: 17/32 MP: 0/11
   446 | D:3      | Reached skill level 1 in Hexes
   446 | D:3      | Reached skill level 1 in Charms
   446 | D:3      | Reached skill level 1 in Summonings
   446 | D:3      | Reached skill level 1 in Necromancy
   446 | D:3      | Reached skill level 1 in Translocations
   446 | D:3      | Reached skill level 1 in Transmutations
   446 | D:3      | Reached skill level 1 in Fire Magic
   446 | D:3      | Reached skill level 1 in Air Magic
   446 | D:3      | Reached skill level 1 in Earth Magic
   446 | D:3      | Reached skill level 1 in Poison Magic
   451 | D:3      | Learned a level 3 spell: Ozocubu's Armour
   456 | D:3      | Learned a level 4 spell: Summon Ice Beast
   527 | D:3      | Found a runed door.
   531 | D:3      | Noticed Crazy Yiuf
   536 | D:3      | Killed Crazy Yiuf
   536 | D:3      | Reached XP level 5. HP: 37/37 MP: 10/12
   599 | D:4      | Noticed a sky beast
   607 | D:4      | Killed a sky beast
   607 | D:4      | Reached XP level 6. HP: 44/44 MP: 11/13
   609 | D:4      | Got a faintly glowing dagger
   610 | D:4      | Identified the +10 dagger "Iwydazupp" {freeze, +Rage +Inv Str-3 Dex+8} (You found it on level 4 of the Dungeon)
   660 | D:4      | Reached skill level 2 in Invocations
   678 | D:4      | Reached skill level 2 in Fighting
   678 | D:4      | Reached skill level 2 in Short Blades
   678 | D:4      | Reached skill level 2 in Long Blades
   678 | D:4      | Reached skill level 2 in Axes
   678 | D:4      | Reached skill level 2 in Maces & Flails
   678 | D:4      | Reached skill level 2 in Polearms
   678 | D:4      | Reached skill level 2 in Staves
   678 | D:4      | Reached skill level 2 in Slings
   678 | D:4      | Reached skill level 2 in Bows
   678 | D:4      | Reached skill level 2 in Crossbows
   678 | D:4      | Reached skill level 2 in Throwing
   678 | D:4      | Reached skill level 2 in Armour
   678 | D:4      | Reached skill level 5 in Dodging
   678 | D:4      | Reached skill level 2 in Shields
   678 | D:4      | Reached skill level 2 in Unarmed Combat
   678 | D:4      | Reached skill level 2 in Evocations
   714 | D:4      | Learned a level 3 spell: Regeneration
   726 | D:4      | Killed a phantom
   759 | D:5      | Entered Level 5 of the Dungeon
   762 | D:5      | Noticed an ice beast
   772 | D:5      | Killed an ice beast
   772 | D:5      | Reached XP level 7. HP: 50/50 MP: 10/15
   812 | D:6      | Noticed Pikel
   823 | D:6      | Killed Pikel
   823 | D:6      | Reached skill level 3 in Fighting
   823 | D:6      | Reached skill level 3 in Short Blades
   823 | D:6      | Reached skill level 3 in Long Blades
   823 | D:6      | Reached skill level 3 in Axes
   823 | D:6      | Reached skill level 3 in Maces & Flails
   823 | D:6      | Reached skill level 3 in Polearms
   823 | D:6      | Reached skill level 3 in Staves
   823 | D:6      | Reached skill level 3 in Slings
   823 | D:6      | Reached skill level 3 in Bows
   823 | D:6      | Reached skill level 3 in Crossbows
   823 | D:6      | Reached skill level 3 in Throwing
   823 | D:6      | Reached skill level 3 in Armour
   823 | D:6      | Reached skill level 5 in Stealth
   823 | D:6      | Reached skill level 3 in Shields
   823 | D:6      | Reached skill level 3 in Unarmed Combat
   823 | D:6      | Reached skill level 3 in Conjurations
   823 | D:6      | Reached skill level 2 in Hexes
   823 | D:6      | Reached skill level 2 in Charms
   823 | D:6      | Reached skill level 2 in Summonings
   823 | D:6      | Reached skill level 2 in Necromancy
   823 | D:6      | Reached skill level 2 in Translocations
   823 | D:6      | Reached skill level 2 in Transmutations
   823 | D:6      | Reached skill level 2 in Fire Magic
   823 | D:6      | Reached skill level 6 in Ice Magic
   823 | D:6      | Reached skill level 2 in Air Magic
   823 | D:6      | Reached skill level 2 in Earth Magic
   823 | D:6      | Reached skill level 2 in Poison Magic
   823 | D:6      | Reached skill level 3 in Invocations
   823 | D:6      | Reached skill level 3 in Evocations
   823 | D:6      | Reached XP level 8. HP: 58/58 MP: 10/16
   930 | D:6      | Reached skill level 6 in Spellcasting
   999 | D:6      | Found a hide-covered altar of Uskayaw.
  1025 | D:6      | Found a white marble altar of Elyvilon.
  1120 | D:6      | Found a blossoming altar of Fedhas.
  1120 | D:6      | Found a glowing silver altar of Zin.
  1195 | D:5      | Reached skill level 3 in Hexes
  1195 | D:5      | Reached skill level 3 in Charms
  1195 | D:5      | Reached skill level 3 in Summonings
  1195 | D:5      | Reached skill level 3 in Necromancy
  1195 | D:5      | Reached skill level 3 in Translocations
  1195 | D:5      | Reached skill level 3 in Transmutations
  1195 | D:5      | Reached skill level 3 in Fire Magic
  1195 | D:5      | Reached skill level 3 in Air Magic
  1195 | D:5      | Reached skill level 3 in Earth Magic
  1195 | D:5      | Reached skill level 3 in Poison Magic
  1195 | D:5      | Reached skill level 4 in Invocations
  1212 | D:5      | Found Gudunloxe's Book Boutique.
  1230 | D:5      | Reached XP level 9. HP: 62/65 MP: 15/18
  1310 | D:5      | Reached skill level 6 in Dodging
  1383 | D:5      | Noticed Dowan
  1384 | D:5      | Noticed Duvessa
  1397 | D:5      | Killed Duvessa
  1399 | D:5      | Killed Dowan
  1464 | D:5      | Found an iron altar of Okawaru.
  1464 | D:5      | Found a sacrificial altar of Ru.
  1464 | D:5      | Found a white marble altar of Elyvilon.
  1464 | D:5      | Found a snail-covered altar of Cheibriados.
  1475 | D:5      | Found a shimmering altar of Xom.
  1477 | D:5      | Became a worshipper of Cheibriados the Contemplative
  1480 | D:5      | Found a shattered altar of Ashenzari.
  1634 | D:8      | Reached skill level 4 in Fighting
  1634 | D:8      | Reached skill level 4 in Short Blades
  1634 | D:8      | Reached skill level 4 in Long Blades
  1634 | D:8      | Reached skill level 4 in Axes
  1634 | D:8      | Reached skill level 4 in Maces & Flails
  1634 | D:8      | Reached skill level 4 in Polearms
  1634 | D:8      | Reached skill level 4 in Staves
  1634 | D:8      | Reached skill level 4 in Slings
  1634 | D:8      | Reached skill level 4 in Bows
  1634 | D:8      | Reached skill level 4 in Crossbows
  1634 | D:8      | Reached skill level 4 in Throwing
  1634 | D:8      | Reached skill level 4 in Armour
  1634 | D:8      | Reached skill level 4 in Shields
  1634 | D:8      | Reached skill level 4 in Unarmed Combat
  1634 | D:8      | Reached skill level 4 in Conjurations
  1634 | D:8      | Reached skill level 4 in Evocations
  1652 | D:9      | Reached skill level 6 in Stealth
  1675 | D:9      | Reached skill level 5 in Invocations
  1705 | D:10     | Entered Level 10 of the Dungeon
  1781 | D:9      | Found a deep blue altar of Sif Muna.
  1798 | D:9      | Reached * piety under Cheibriados
  1933 | D:10     | Found Afefummue's Antique Weapon Shop.
  1977 | D:10     | Noticed Grum
  1993 | D:10     | Reached skill level 7 in Spellcasting
  1993 | D:10     | Reached XP level 10. HP: 34/73 MP: 15/20
  2003 | D:10     | Killed Grum
  2003 | D:10     | Reached skill level 4 in Hexes
  2003 | D:10     | Reached skill level 4 in Charms
  2003 | D:10     | Reached skill level 4 in Summonings
  2003 | D:10     | Reached skill level 4 in Necromancy
  2003 | D:10     | Reached skill level 4 in Translocations
  2003 | D:10     | Reached skill level 4 in Transmutations
  2003 | D:10     | Reached skill level 4 in Fire Magic
  2003 | D:10     | Reached skill level 4 in Air Magic
  2003 | D:10     | Reached skill level 4 in Earth Magic
  2003 | D:10     | Reached skill level 4 in Poison Magic
  2111 | D:10     | Found a staircase to the Orcish Mines.
  2126 | D:10     | Reached skill level 5 in Fighting
  2126 | D:10     | Reached skill level 5 in Short Blades
  2126 | D:10     | Reached skill level 5 in Long Blades
  2126 | D:10     | Reached skill level 5 in Axes
  2126 | D:10     | Reached skill level 5 in Maces & Flails
  2126 | D:10     | Reached skill level 5 in Polearms
  2126 | D:10     | Reached skill level 5 in Staves
  2126 | D:10     | Reached skill level 5 in Slings
  2126 | D:10     | Reached skill level 5 in Bows
  2126 | D:10     | Reached skill level 5 in Crossbows
  2126 | D:10     | Reached skill level 5 in Throwing
  2126 | D:10     | Reached skill level 5 in Armour
  2126 | D:10     | Reached skill level 5 in Shields
  2126 | D:10     | Reached skill level 5 in Unarmed Combat
  2126 | D:10     | Reached skill level 5 in Evocations
  2193 | D:10     | Noticed Urug
  2232 | D:10     | Killed Urug
  2232 | D:10     | Reached skill level 7 in Dodging
  2232 | D:10     | Reached skill level 7 in Ice Magic
  2254 | D:10     | Reached ** piety under Cheibriados
  2409 | D:11     | Reached skill level 5 in Conjurations
  2509 | D:11     | Found a staircase to the Lair.
  2534 | D:11     | Reached skill level 6 in Invocations
  2549 | D:11     | Reached skill level 7 in Stealth
  2559 | D:11     | Reached *** piety under Cheibriados
  2562 | D:11     | Noticed Maurice
  2581 | D:11     | Killed Maurice
  2597 | D:11     | Killed an unseen horror
  2597 | D:11     | Reached XP level 11. HP: 26/81 MP: 12/22
  2655 | D:11     | Found Musauf's Weapon Boutique.
  2678 | D:11     | Reached **** piety under Cheibriados
  2752 | D:12     | Reached skill level 6 in Fighting
  2752 | D:12     | Reached skill level 6 in Short Blades
  2752 | D:12     | Reached skill level 6 in Long Blades
  2752 | D:12     | Reached skill level 6 in Axes
  2752 | D:12     | Reached skill level 6 in Maces & Flails
  2752 | D:12     | Reached skill level 6 in Polearms
  2752 | D:12     | Reached skill level 6 in Staves
  2752 | D:12     | Reached skill level 6 in Slings
  2752 | D:12     | Reached skill level 6 in Bows
  2752 | D:12     | Reached skill level 6 in Crossbows
  2752 | D:12     | Reached skill level 6 in Throwing
  2752 | D:12     | Reached skill level 6 in Armour
  2752 | D:12     | Reached skill level 6 in Shields
  2752 | D:12     | Reached skill level 6 in Unarmed Combat
  2752 | D:12     | Reached skill level 6 in Evocations
  2796 | D:13     | Reached skill level 5 in Hexes
  2796 | D:13     | Reached skill level 5 in Charms
  2796 | D:13     | Reached skill level 5 in Summonings
  2796 | D:13     | Reached skill level 5 in Necromancy
  2796 | D:13     | Reached skill level 5 in Translocations
  2796 | D:13     | Reached skill level 5 in Transmutations
  2796 | D:13     | Reached skill level 5 in Fire Magic
  2796 | D:13     | Reached skill level 5 in Air Magic
  2796 | D:13     | Reached skill level 5 in Earth Magic
  2796 | D:13     | Reached skill level 5 in Poison Magic
  2843 | D:12     | Reached skill level 8 in Spellcasting
  2847 | D:12     | Noticed a two-headed ogre
  2851 | D:12     | Killed a two-headed ogre
  2871 | D:12     | Noticed an orc warlord
  2891 | D:12     | Killed an orc warlord
  2891 | D:12     | Reached skill level 7 in Invocations
  2938 | D:12     | Noticed a swamp dragon
  2938 | D:12     | Noticed a mana viper
  2938 | D:12     | a swamp dragon changed into a mana viper
  2943 | D:12     | Noticed a shining eye
  2943 | D:12     | a mana viper changed into a shining eye
  2945 | D:12     | Noticed a sea snake
  2945 | D:12     | a shining eye changed into a sea snake
  2947 | D:12     | a sea snake changed into a dream sheep
  2979 | D:12     | Noticed a fire giant
  2987 | D:12     | HP: 7/83 [fire giant/great sword of flaming (7)]
  2988 | D:12     | Noticed a yaktaur captain
  2988 | D:12     | Shot with a bolt by a yaktaur captain

Vault maps used:
D:1:      dpeg_arrival_chase, minivault_5
D:2:      grunt_decor_cap
D:3:      makhleb_heckhound_becter, uniq_crazy_yiuf_cottage, uniq_jessica,
          uniq_ijyb
D:4:      minmay_misc_feat_more_columns
D:5:      minmay_overflow_temple_hex, serial_shops, nicolae_shop_trees,
          first_ration, uniq_duvessa
D:6:      kennysheep_vampire_church, gammafunk_temple_overflow_elements,
          lemuel_round_altar, elyvilon_altar_5, uniq_pikel
D:7:      temple_doors_cd
D:9:      led_sif_book, serial_shops, nicolae_shop_trees
D:10:     zombieorc2_lemuel, serial_shops, shop, uniq_urug, uniq_grum
D:11:     minmay_lair_entry_lava, serial_shops, nicolae_shop_crystal,
          uniq_maurice
D:12:     minmay_chopped_fan, basic_altar, uniq_snorg, uniq_frances

Skill      XL: |  1  2  3  4  5  6  7  8  9 10 11 |
---------------+----------------------------------+-----
Conjurations   | 2 3 4 5 |  5.7
Spellcasting   | 5 6 7 8 |  8.2
Fighting       | 1 2 3 4 5 6 |  6.4
Short Blades   | 1 2 3 4 5 6 |  6.4
Long Blades    | 1 2 3 4 5 6 |  6.4
Axes           | 1 2 3 4 5 6 |  6.4
Maces & Flails | 1 2 3 4 5 6 |  6.4
Polearms       | 1 2 3 4 5 6 |  6.4
Staves         | 1 2 3 4 5 6 |  6.4
Slings         | 1 2 3 4 5 6 |  6.4
Bows           | 1 2 3 4 5 6 |  6.4
Crossbows      | 1 2 3 4 5 6 |  6.4
Throwing       | 1 2 3 4 5 6 |  6.4
Armour         | 1 2 3 4 5 6 |  6.4
Shields        | 1 2 3 4 5 6 |  6.4
Unarmed Combat | 1 2 3 4 5 6 |  6.4
Invocations    | 1 2 3 4 5 6 7 |  7.0
Evocations     | 1 2 3 4 5 6 |  6.4
Hexes          | 1 2 3 4 5 |  5.3
Charms         | 1 2 3 4 5 |  5.3
Summonings     | 1 2 3 4 5 |  5.3
Necromancy     | 1 2 3 4 5 |  5.3
Translocations | 1 2 3 4 5 |  5.3
Transmutations | 1 2 3 4 5 |  5.3
Fire Magic     | 1 2 3 4 5 |  5.3
Air Magic      | 1 2 3 4 5 |  5.3
Earth Magic    | 1 2 3 4 5 |  5.3
Poison Magic   | 1 2 3 4 5 |  5.3
Dodging        | 5 6 7 |  7.9
Stealth        | 5 6 7 |  7.7
Ice Magic      | 6 7 |  7.7

Action                   |  1- 3 |  4- 6 |  7- 9 | 10-12 || total
-------------------------+-------+-------+-------+-------++-------
Melee: Dagger            |     2 |    27 |   221 |   176 ||   426
       Bite              |       |     2 |    30 |    25 ||    57
       Punch             |       |       |     4 |     6 ||    10
       Morningstar       |       |       |       |    58 ||    58
Throw: Stone             |     2 |    15 |       |       ||    17
       Tomahawk          |       |       |     3 |    12 ||    15
 Cast: Freeze            |    23 |    17 |     4 |       ||    44
       Ozocubu's Armour  |       |     4 |    19 |    20 ||    43
       Summon Ice Beast  |       |     1 |       |     3 ||     4
       Regeneration      |       |       |     5 |    14 ||    19
       Throw Frost       |       |       |       |     1 ||     1
Invok: Bend Time         |       |       |       |     3 ||     3
 Abil: Evoke Invisibilit |       |       |     4 |     5 ||     9
       Evoke Berserk Rag |       |       |     1 |       ||     1
Evoke: Wand              |       |     2 |       |    11 ||    13
  Use: Scroll            |       |     2 |     5 |     5 ||    12
       Potion            |       |       |       |     4 ||     4
 Stab: Sleeping          |       |     4 |    13 |     9 ||    26
       Invisible         |       |       |    13 |    15 ||    28
       Distracted        |       |       |       |     1 ||     1
  Eat: Chunk             |       |       |     7 |     2 ||     9
       Ration            |       |       |       |     1 ||     1
Armor: Robe              |     1 |     6 |    22 |    39 ||    68
Dodge: Dodged            |    15 |    27 |   212 |   314 ||   568

Table legend:
 A = Spawn XP
 B = Non-spawn XP
 C = Spawn XP percentage of total XP
 D = Spawn monster count
 E = Non-spawn monster count
 F = Spawn count percentage of total count
 G = Total turns spent on level
                    A         B        C        D         E        F      G
               +---------+---------+-------+---------+---------+-------+---------
         Total |       0 |   15322 |   0.0 |       0 |     199 |   0.0 |  2988
               +---------+---------+-------+---------+---------+-------+---------
           D:1 |       0 |      14 |   0.0 |       0 |       6 |   0.0 |    99
           D:2 |       0 |       2 |   0.0 |       0 |       1 |   0.0 |   146
           D:3 |       0 |     183 |   0.0 |       0 |      12 |   0.0 |   327
           D:4 |       0 |     415 |   0.0 |       0 |       9 |   0.0 |   223
           D:5 |       0 |     617 |   0.0 |       0 |      13 |   0.0 |   321
           D:6 |       0 |    1439 |   0.0 |       0 |      34 |   0.0 |   393
           D:7 |       0 |      70 |   0.0 |       0 |       5 |   0.0 |    58
           D:8 |       0 |     349 |   0.0 |       0 |       4 |   0.0 |    73
           D:9 |       0 |    1420 |   0.0 |       0 |      16 |   0.0 |   259
          D:10 |       0 |    2917 |   0.0 |       0 |      48 |   0.0 |   526
          D:11 |       0 |    3413 |   0.0 |       0 |      33 |   0.0 |   325
          D:12 |       0 |    3799 |   0.0 |       0 |      15 |   0.0 |   189
          D:13 |       0 |     684 |   0.0 |       0 |       3 |   0.0 |    49
               +---------+---------+-------+---------+---------+-------+---------

Table legend:
 A = Turns spent in this place as a percentage of turns spent in the entire game.
 B = Non-inter-level travel turns spent in this place as a percentage of non-inter-level travel turns spent in the entire game.
 C = Inter-level travel turns spent in this place as a percentage of turns spent in this place.
 D = Turns resting spent in this place as a percentage of non-inter-level travel turns spent in this place.
 E = Turns spent auto-exploring this place as a percentage of non-inter-level travel turns spent in this place.
 F = Non-inter-level travel turns spent in this place divided by the number of levels of this place that you've seen.
                   A       B       C       D       E      F
               +-------+-------+-------+-------+-------+----------------------
         Total | 100.0 | 100.0 |   1.1 |   0.0 |   0.0 | 227.4
       Dungeon | 100.0 | 100.0 |   1.1 |   0.0 |   0.0 | 227.4
               +-------+-------+-------+-------+-------+----------------------

Table legend:
 A = Kills in this place as a percentage of kills in entire the game.
 B = Kills by you in this place as a percentage of kills by you in the entire game.
 C = Kills by friends in this place as a percentage of kills by friends in the entire game.
 D = Other kills in this place as a percentage of other kills in the entire game.
 E = Experience gained in this place as a percentage of experience gained in the entire game.
 F = Experience gained in this place divided by the number of levels of this place that you have seen.
                   A       B       C       D       E      F
               +-------+-------+-------+-------+-------+----------------------
         Total | 100.0 | 100.0 | 100.0 |   N/A | 100.0 | 1178.6
       Dungeon | 100.0 | 100.0 | 100.0 |   N/A | 100.0 | 1178.6
               +-------+-------+-------+-------+-------+----------------------

Vault maps used:
D:1:      dpeg_arrival_chase, minivault_5
D:2:      grunt_decor_cap
D:3:      makhleb_heckhound_becter, uniq_crazy_yiuf_cottage, uniq_jessica,
          uniq_ijyb
D:4:      minmay_misc_feat_more_columns
D:5:      minmay_overflow_temple_hex, serial_shops, nicolae_shop_trees,
          first_ration, uniq_duvessa
D:6:      kennysheep_vampire_church, gammafunk_temple_overflow_elements,
          lemuel_round_altar, elyvilon_altar_5, uniq_pikel
D:7:      temple_doors_cd
D:9:      led_sif_book, serial_shops, nicolae_shop_trees
D:10:     zombieorc2_lemuel, serial_shops, shop, uniq_urug, uniq_grum
D:11:     minmay_lair_entry_lava, serial_shops, nicolae_shop_crystal,
          uniq_maurice
D:12:     minmay_chopped_fan, basic_altar, uniq_snorg, uniq_frances
